 Dungeon Crawl Stone Soup version 0.30-a0-883-g5ad918d (webtiles) character file.

Game seed: 1337936766312106183

4723 Illumine the Cleaver (level 10, -20/82 HPs)
             Began as a Minotaur Fighter on Mar 17, 2023.
             Was a Follower of Hepliaklqana.
             Demolished by Erolcha
             ... wielding a +5 giant club
              (28 damage)
             ... on level 9 of the Dungeon.
             The game lasted 00:06:09 (6095 turns).

Illumine the Cleaver (Minotaur Fighter)             Turns: 6095, Time: 00:06:10

Health: -20/82     AC: 14    Str: 25    XL:     10   Next: 22%
Magic:  9/9        EV: 10    Int: 11    God:    Hepliaklqana [*.....]
Gold:   414        SH:  5    Dex: 12    Spells: 9/9 levels left

rFire   . . .      SeeInvis .    a - +0 war axe
rCold   . . .      Faith    .    c - +0 buckler
rNeg    . . .      Spirit   .    G - +0 acid dragon scales
rPois   .          Reflect  .    (helmet restricted)
rElec   .          Rampage  .    (no cloak)
rCorr   +                        i - +0 pair of gloves
Will    .....                    (no boots)
Stlth   +                        (no amulet)
HPRegen 0.33/turn                j - +4 ring of protection
MPRegen 0.11/turn                H - ring "Cafopen" {Int+6 Dex+2}

@: mighty
A: reduced essence, horns 2, retaliatory headbutt
a: Renounce Religion, Recall Ancestor, Ancestor Identity


You were on level 9 of the Dungeon.
You worshipped Hepliaklqana.
Hepliaklqana was aware of your devotion.
You visited 2 branches of the dungeon, and saw 10 of its levels.
You also visited: Sewer.

You collected 414 gold pieces.

Inventory:

Hand Weapons
 a - a +0 war axe (weapon)
Missiles
 n - 48 poisoned darts (quivered)
Armour
 b - a +0 scale mail
 c - a +0 buckler (worn)
 i - a +0 pair of gloves (worn)
 G - +0 acid dragon scales (worn)
Jewellery
 j - a +4 ring of protection (left hand)
 H - the ring "Cafopen" (right hand) {Int+6 Dex+2}
   (You found it on level 8 of the Dungeon)

   [ring of intelligence]

   Int:       It affects your intelligence (+6).
   Dex:       It affects your dexterity (+2).
Wands
 B - a wand of polymorph (5)
Scrolls
 g - 2 scrolls of fear
 l - a scroll of blinking
 m - a scroll of immolation
 p - a scroll of poison
 q - a scroll of silence {unknown}
 t - a scroll of enchant weapon {unknown}
 u - 2 scrolls of teleportation
 v - a scroll of amnesia {unknown}
 w - a scroll of noise {unknown}
 y - a scroll of summoning {unknown}
 A - 2 scrolls of vulnerability {unknown}
 C - 3 scrolls of fog {unknown}
 D - a scroll of enchant armour {unknown}
 I - a scroll of identify
Potions
 e - 3 potions of curing
 f - 2 potions of attraction
 h - 2 potions of cancellation
 k - 3 potions of resistance {unknown}
 o - 3 potions of heal wounds {unknown}
 r - 3 potions of mutation {unknown}
 s - 2 potions of haste {unknown}
 x - a potion of magic {unknown}
 z - a potion of ambrosia {unknown}
 E - a potion of berserk rage {unknown}
 F - a potion of flight {unknown}


   Skills:
 + Level 9.7 Fighting
 * Level 12.8 Axes
 + Level 9.7 Armour
 - Level 4.0 Shields


You had 9 spell levels left.
You didn't know any spells.
Your spell library contained the following spells:

 Spells                   Type           Power      Damage    Failure   Level
 Cigotuvi's Dreadful Rot  Necr/Pois/Air  0%         N/A       63%         2
 Frozen Ramparts          Ice            0%         1d1       86%         3
 Dispel Undead            Necr           0%         3d6       99%         4
 Ice Form                 Ice/Tmut       0%         N/A       99%         4
 Summon Ice Beast         Ice/Summ       0%         N/A       99%         4
 Death Channel            Necr           0%         N/A       100%        6


Dungeon Overview and Level Annotations

Branches:
Dungeon (9/15)             Temple (1/1) D:7            Lair (0/5) D:8
  Sewer (visited)
    Orc: D:9-12

Altars:
Ashenzari
Cheibriados
Dithmenos
Elyvilon
Gozag
Hepliaklqana
Kikubaaqudgha
Makhleb
Nemelex Xobeh
Okawaru
Qazlal
Ru
Sif Muna
Trog
Uskayaw
Vehumet
Xom
Yredelemnul
Zin
The Shining One

Shops:
D:9 (

Annotations:
D:5 Sigmund
D:9 Erolcha


Innate Abilities, Weirdness & Mutations

Your life essence is reduced to manifest your ancestor. (-10% HP)
You have a pair of horns on your head.
You reflexively headbutt those who attack you in melee.


Message History

The magic dart hits you but does no damage.
You block the orc's attack.
You barely miss the orc wizard. You headbutt the orc wizard.
The orc wizard is heavily wounded.
You slash something!
You feel a bit more experienced.
You hit the orc. The orc hits you but does no damage.
The orc wizard hits you but does no damage.
Unknown command.
You barely miss the orc wizard. You headbutt the orc wizard!
You kill the orc wizard!
You closely miss the orc. You hit the orc. You headbutt the orc.
You kill the orc!
Erolcha the Cunning comes into view.
She is wielding a +5 giant club and carrying a wand of paralysis (4).
Things that are here:
a +0 trident; a +0 chain mail Erolcha is nearby!
Erolcha zaps a wand.
Friðuswiþ resists with some effort.
Erolcha zaps a wand.
Friðuswiþ suddenly stops moving!
Things that are here:
a +0 trident; a +0 chain mail Erolcha zaps a wand.
Friðuswiþ resists with some effort.
Erolcha hits Friðuswiþ with a +5 giant club!!!
Friðuswiþ is destroyed!
Erolcha hits you with a +5 giant club!
You hit Erolcha but do no damage. You headbutt Erolcha!
Erolcha is moderately wounded.
You slash Erolcha! You headbutt Erolcha!
Erolcha is severely wounded.
Erolcha hits you with a +5 giant club!!
* * * LOW HITPOINT WARNING * * *
Okay, then.
Okay, then.
Okay, then.
You feel very mighty all of a sudden. Erolcha hits you with a +5 giant club!!
You die...

####.# .# #.#
#. #.# # ..
#.# #. .#
#.## #.# ..#
..#. #..# #..
###. #.#(##
##O# #.
#.##.###@#
######.
#.#...#..#
#......
#.#......##.#
#.####.
#..)))......#
#<# #.
#....).######
#.# ## #####
#.#.#### #.#
....# #.#.#
#.# ###.#
#.#.# #.# #.#
#.#.#
######## #.#


You could see Erolcha.

Vanquished Creatures
  A slime creature (D:8)
  6 yaks (D:8)
  2 wraiths (D:8)
  A wyvern (D:9)
  A basilisk (D:8)
  A steam dragon (D:8)
  An acid dragon (D:8)
  Menkaure (D:5)
  A water moccasin (D:9)
  2 sky beasts
  2 ice beasts
  2 black bears
  An orc warrior (D:8)
  3 centaurs
  4 kobold brigands
  3 bullfrogs
  4 scorpions
  4 wights (D:8)
  4 killer bees (D:9)
  A gnoll bouda (D:6)
  4 hounds
  A sleepcap (D:7)
  3 iguanas (D:6)
  7 orc wizards
  5 adders
  7 gnolls
  A river rat (D:4)
  An ufetubus (D:6)
  5 worms
  A dart slug (D:3)
  12 orcs
  3 bat zombies (D:8)
  4 endoplasms
  4 giant cockroaches
  12 goblins
  6 hobgoblins
  3 quokkas
  10 ball pythons
  4 bats
  2 frilled lizards
  16 kobolds
  11 rats
  2 rat zombies (D:8)
169 creatures vanquished.

Vanquished Creatures (collateral kills)
  An orc wizard (D:9)
1 creature vanquished.

Vanquished Creatures (others)
  An ancestor (D:9)
  A quokka (D:8)
  A fungus (D:8)
  3 plants (D:8)
6 creatures vanquished.

Grand Total: 176 creatures vanquished

Notes
Turn   | Place    | Note
-------+----------+-------------------------------------------
     0 | D:1      | Illumine the Minotaur Fighter began the quest for the Orb.
     0 | D:1      | Reached XP level 1. HP: 19/19 MP: 0/0
    63 | D:1      | Reached XP level 2. HP: 20/27 MP: 1/1
    70 | D:1      | Reached skill level 3 in Axes
   424 | D:2      | Reached XP level 3. HP: 31/33 MP: 2/2
  1325 | D:4      | Reached skill level 4 in Axes
  1325 | D:4      | Reached XP level 4. HP: 35/40 MP: 3/3
  1329 | D:4      | Found a glowing drain.
  1346 | Sewer    | Entered a sewer
  1588 | Sewer    | Noticed a kobold brigand
  1600 | Sewer    | Killed a kobold brigand
  1601 | Sewer    | Reached skill level 5 in Axes
  1601 | Sewer    | Reached XP level 5. HP: 32/47 MP: 4/4
  1729 | Sewer    | Reached skill level 5 in Fighting
  1729 | Sewer    | Reached skill level 5 in Armour
  1729 | Sewer    | Reached XP level 6. HP: 56/56 MP: 5/5
  1863 | D:4      | Reached skill level 6 in Axes
  2318 | D:5      | Entered Level 5 of the Dungeon
  2330 | D:5      | Reached XP level 7. HP: 53/62 MP: 6/6
  2354 | D:5      | Found a radiant altar of Vehumet.
  2356 | D:5      | Noticed Menkaure
  2365 | D:5      | Killed Menkaure
  2366 | D:5      | Reached skill level 7 in Axes
  2548 | D:5      | Noticed Sigmund
  2647 | D:6      | Reached skill level 8 in Axes
  2688 | D:6      | Reached XP level 8. HP: 71/71 MP: 7/7
  2766 | D:6      | Found a glowing golden altar of the Shining One.
  3063 | D:6      | Found a hide-covered altar of Uskayaw.
  3440 | D:7      | Found an opulent altar of Gozag.
  3532 | D:7      | Reached skill level 9 in Axes
  3536 | D:7      | Found a sparkling altar of Nemelex Xobeh.
  3596 | D:7      | Found a stormy altar of Qazlal.
  3874 | D:7      | Found a staircase to the Ecumenical Temple.
  3892 | Temple   | Entered the Ecumenical Temple
  4074 | Temple   | Became a worshipper of Hepliaklqana the Forgotten
  4207 | D:8      | Found a white marble altar of Elyvilon.
  4334 | D:8      | Reached skill level 10 in Axes
  4405 | D:8      | Noticed a slime creature
  4413 | D:8      | Killed a slime creature
  4414 | D:8      | Reached XP level 9. HP: 38/81 MP: 8/8
  4607 | D:8      | Found an ancient bone altar of Kikubaaqudgha.
  4715 | D:8      | Identified the ring "Cafopen" {Int+6 Dex+2}
  4750 | D:8      | Reached skill level 11 in Axes
  4875 | D:8      | Found a shimmering altar of Xom.
  4980 | D:8      | Found a staircase to the Lair.
  5043 | D:8      | Reached skill level 12 in Axes
  5216 | D:8      | Found a burning altar of Makhleb.
  5305 | D:8      | Reached XP level 10. HP: 46/91 MP: 9/9
  5843 | D:9      | Found Hes Safo's Weapon Shop.
  5849 | D:9      | Reached * piety under Hepliaklqana
  6085 | D:9      | Noticed Erolcha
  6095 | D:9      | Demolished by Erolcha

Illustrated notes

Levels and vault maps discovered:
D:1:      minmay_arrival_jagged, layout_loops_cross
D:2:      layout_rooms
D:3:      layout_basic, minmay_goblin_kobold_house
D:4:      layout_loops_ring, portal_sewer_entry_b
D:5:      layout_loops_ring, nicolae_vehumet_radiance, uniq_crazy_yiuf_cottage,
          uniq_menkaure, uniq_sigmund
D:6:      layout_loops_ring, lemuel_coloured_pillars_altar,
          mainiacjoe_overflow_boulevard
D:7:      layout_basic, nicolae_gozag_cash_rules_everything_around_me,
          mainiacjoe_overflow_24_doors, nemelex_diamond_rough_becter,
          temple_statues
D:8:      minmay_bloctagon_deflated, layout_basic,
          lemuel_zombie_altar_kikubaaqudgha, elyvilon_altar_4,
          old_standard_altar, general_overflow_altar, david_lair_generic,
          serial_curves, eino_curves_02, eino_curves_04
D:9:      layout_loops_ring, mainiacjoe_overflow_catwalk,
          pdpol_wu_jian_five_deadly_venoms, serial_shops, shop, uniq_erolcha
Temple:   nicolae_temple_bog_church

Skill      XL: |  1  2  3  4  5  6  7  8  9 |
---------------+----------------------------+-----
Axes           | 3 4 5 6 8 10 12 | 12.8
Shields        | 4 |  4.0
Fighting       | 4 5 6 8 9 |  9.7
Armour         | 4 5 6 7 9 |  9.7

Action                     |  1- 3 |  4- 6 |  7- 9 | 10-12 || total
---------------------------+-------+-------+-------+-------++-------
  Melee: War axe           |   108 |   105 |   231 |    38 ||   482
         Headbutt          |    15 |    15 |    47 |    10 ||    87
    Use: Scroll            |       |     4 |     6 |       ||    10
         Potion            |       |     1 |     2 |     1 ||     4
 Armour: Scale mail        |    60 |    31 |   115 |       ||   206
         Acid dragon scale |       |       |    27 |    31 ||    58
  Dodge: Dodged            |    48 |    43 |    81 |    20 ||   192
  Block: Buckler           |    35 |    26 |    44 |    13 ||   118

Table legend: (Time is in decaauts)
 A = Elapsed time spent in this place.
 B = Non-inter-level travel time spent in this place.
 C = Inter-level travel time spent in this place.
 D = Time resting spent in this place.
 E = Time spent auto-exploring this place.
 F = Levels seen in this place.
 G = Mean time per level.
                   A        B        C        D        E       F      G
               +--------+--------+--------+--------+--------+-----+--------+
         Total |   6268 |   6101 |    167 |     23 |   4815 |  11 |  569.8 |
       Dungeon |   5533 |   5369 |    164 |     23 |   4289 |   9 |  614.8 |
        Temple |    198 |    195 |      3 |      0 |    168 |   1 |  198.0 |
         Sewer |    536 |    536 |      0 |      0 |    357 |   1 |  536.0 |
               +--------+--------+--------+--------+--------+-----+--------+

Top non-repeatable levels by time:
     D:8: 1571 daAuts
     D:6: 876 daAuts
     D:4: 754 daAuts
     D:3: 617 daAuts
     D:7: 575 daAuts
   Sewer: 536 daAuts
     D:9: 341 daAuts
     D:1: 301 daAuts
     D:2: 250 daAuts
     D:5: 245 daAuts
  Temple: 198 daAuts
